 Dungeon Crawl Stone Soup version 0.30-a0-634-g8abc85282e (webtiles) character file.

Game seed: 1090339811438831101

218 Dartaoz the Shooter (level 5, -5/25 HPs)
             Began as a Spriggan Hunter on Jan 14, 2023.
             Slain by a scorpion (6 damage)
             ... on level 4 of the Dungeon.
             The game lasted 00:05:44 (3318 turns).

Dartaoz the Shooter (Spriggan Hunter)               Turns: 3318, Time: 00:05:45

Health: -5/25      AC:  3    Str:  7    XL:     5   Next: 63%
Magic:  6/6        EV: 18    Int: 11    God:
Gold:   250        SH:  0    Dex: 20    Spells: 4/4 levels left

rFire   . . .      SeeInvis +    a - +0 shortbow
rCold   . . .      Faith    .    (shield currently unavailable)
rNeg    . . .      Spirit   .    c - +0 robe
rPois   .          Reflect  .    (helmet restricted)
rElec   .          Harm     .    m - +0 cloak
rCorr   .          Rampage  .    (gloves unavailable)
Will    .....                    (boots unavailable)
Stlth   ++                       (no amulet)
HPRegen 0.24/turn                r - ring of flight
MPRegen 0.10/turn                (no ring)

@: brilliant, lethally poisoned (-5 -> -8), flying, very quick
A: very small, no large weapons, unfitting armour, see invisible, speed 3
a: no special abilities


You were on level 4 of the Dungeon.
You visited 1 branch of the dungeon, and saw 4 of its levels.

You collected 250 gold pieces.

Inventory:

Hand Weapons
 a - a +0 shortbow (weapon)
Armour
 c - a +0 robe (worn)
 m - a +0 cloak (worn)
Jewellery
 k - a ring of ice
 r - a ring of flight (left hand)
 u - a ring of ice
Wands
 p - a wand of light (11)
Scrolls
 b - a scroll of immolation
 d - 2 scrolls of butterflies {unknown}
 e - 4 scrolls of identify {unknown}
 f - 2 scrolls of teleportation {unknown}
 h - a scroll of noise {unknown}
 i - a scroll of amnesia {unknown}
 l - a scroll of blinking {unknown}
 n - a scroll of vulnerability {unknown}
 o - 2 scrolls of fog {unknown}
 s - a scroll of silence {unknown}
Potions
 q - a potion of mutation {unknown}
 t - a potion of lignification {unknown}
 v - a potion of curing {unknown}


   Skills:
 - Level 1.5 Fighting
 + Level 7.0 Ranged Weapons
 - Level 2.6 Dodging
 - Level 1.5 Stealth


You had 4 spell levels left.
You didn't know any spells.
Your spell library contained the following spells:

 Spells                   Type           Power      Damage    Failure   Level
 Cigotuvi's Dreadful Rot  Necr/Pois/Air  0%         N/A       47%         2
 Poisonous Vapours        Pois/Air       0%         N/A       47%         2
 Inner Flame              Hex/Fire       0%         N/A       71%         3
 Mephitic Cloud           Conj/Pois/Air  0%         N/A       71%         3
 Tukima's Dance           Hex            0%         N/A       71%         3
 Flame Wave               Conj/Fire      0%         2d4       98%         4
 Passage of Golubria      Tloc           0%         N/A       98%         4
 Sticky Flame             Conj/Fire      0%         2d3       98%         4
 Yara's Violent Unravell  Hex/Tmut       0%         3d3       100%        5


Dungeon Overview and Level Annotations

Branches:
Dungeon (4/15)
 Temple: D:4-7

Altars:
Dithmenos
Qazlal

Annotations:
D:4 2 transporters


Innate Abilities, Weirdness & Mutations

You are very small and have problems with some larger weapons.
You are too small for most types of armour.
You have supernaturally acute eyesight. (SInv)
You cover ground extremely quickly. (Speed+++)


Message History

You shoot an arrow. The arrow barely misses the scorpion.
You shoot an arrow. The arrow barely misses the scorpion.
You shoot an arrow.
The arrow hits the scorpion but does no damage.
The scorpion is moderately wounded.
You shoot an arrow. The arrow barely misses the scorpion.
You shoot an arrow. The arrow hits the scorpion.
The scorpion is heavily wounded.
The scorpion closely misses you.
You shoot an arrow. The arrow hits the scorpion.
The scorpion is severely wounded.
The scorpion stings you.
You are poisoned.
The scorpion poisons you!
You shoot an arrow.
The arrow hits the scorpion but does no damage.
The scorpion is severely wounded.
You feel sick. The scorpion stings you!
You are lethally poisoned!
The scorpion poisons you!
You are too injured to fight recklessly!
You feel sick.
You feel sick.
* * * LOW HITPOINT WARNING * * *
You feel sick.
* * * LOW HITPOINT WARNING * * *
You feel sick.
* * * LOW HITPOINT WARNING * * *
You feel sick.
* * * LOW HITPOINT WARNING * * *
You feel sick.
You are too injured to fight recklessly!
It was a potion of magic.
Magic courses through your body.
* * * LOW HITPOINT WARNING * * *
You feel sick.
It was a potion of brilliance.
You feel clever all of a sudden.
* * * LOW HITPOINT WARNING * * *
You feel sick. The scorpion stings you.
You die...

# #.....# #.....#. #
##'###########'###. #
#.....#....#.....#. #
#.....#.[..#.....#. ###
#########.....#....#.....'. ..#
#.............)....#.....#< #.##
#.............#....#.....#.
...####............>#....#.....#.
.©....#.........@...#....#.....#.
#####.#.........s...#....#.....#.
.©.8#.#.............#....#.....#.
./.P#...............#....#.....#.
#+###...............#....#.....#.
...~#...............#....#.....#.
...~#...............#....#.....#.
~P~~#...............#....#.....#.
~⌠P~#...............#....#.....#.


You could see a scorpion.

Vanquished Creatures
  Crazy Yiuf (D:2)
  4 gnolls (D:3)
  6 adders (D:3)
  A dart slug (D:3)
  An orc (D:3)
  12 ball pythons
  11 bats
  7 endoplasms
  2 giant cockroaches
  11 goblins
  9 hobgoblins
  10 jackals
  4 quokkas
  2 frilled lizards
  5 kobolds
  5 rats
91 creatures vanquished.

Notes
Turn   | Place    | Note
-------+----------+-------------------------------------------
     0 | D:1      | Dartaoz the Spriggan Hunter began the quest for the Orb.
     0 | D:1      | Reached XP level 1. HP: 10/10 MP: 2/2
   154 | D:1      | Reached XP level 2. HP: 14/14 MP: 3/3
  1117 | D:1      | Reached skill level 5 in Ranged Weapons
  1191 | D:2      | Reached XP level 3. HP: 13/18 MP: 4/4
  1532 | D:2      | Found a runed translucent door.
  1533 | D:2      | Noticed Crazy Yiuf
  1909 | D:2      | Killed Crazy Yiuf
  1910 | D:2      | Reached XP level 4. HP: 22/22 MP: 5/5
  2111 | D:3      | Reached skill level 6 in Ranged Weapons
  2267 | D:3      | Reached XP level 5. HP: 25/25 MP: 6/6
  2805 | D:4      | Found a transporter.
  2941 | D:4      | Reached skill level 7 in Ranged Weapons
  3009 | D:4      | Found a shadowy altar of Dithmenos.
  3182 | D:4      | Found a transporter.
  3204 | D:4      | Found a stormy altar of Qazlal.
  3318 | D:4      | HP: 1/25 [poisoned by a scorpion]
  3318 | D:4      | Slain by a scorpion

Illustrated notes

Levels and vault maps discovered:
D:1:      minmay_arrival_split_and_join, layout_basic
D:2:      layout_loops_ring, chequers_hall_statues_wall_a,
          uniq_crazy_yiuf_cottage
D:3:      layout_basic, chequers_avenue, minmay_mini_jars
D:4:      gammafunk_steamed_eel, layout_gridville,
          nicolae_dithmenos_through_a_glass_darkly,
          nicolae_qazlal_general_emergency

Skill      XL: |  1  2  3  4  5 |
---------------+----------------+-----
Ranged Weapons | 5 6 7 |  7.0
Fighting       | |  1.5
Dodging        | |  2.6
Stealth        | |  1.5

Action                   |  1- 3 |  4- 6 || total
-------------------------+-------+-------++-------
 Fire: Shortbow          |   128 |   106 ||   234
  Use: Potion            |       |     2 ||     2
Armor: Robe              |     6 |     6 ||    12
Dodge: Dodged            |    67 |    40 ||   107

Table legend: (Time is in decaauts)
 A = Elapsed time spent in this place.
 B = Non-inter-level travel time spent in this place.
 C = Inter-level travel time spent in this place.
 D = Time resting spent in this place.
 E = Time spent auto-exploring this place.
 F = Levels seen in this place.
 G = Mean time per level.
                   A        B        C        D        E       F      G
               +--------+--------+--------+--------+--------+-----+--------+
         Total |   2218 |   2154 |     64 |      0 |   1730 |   4 |  554.5 |
       Dungeon |   2218 |   2154 |     64 |      0 |   1730 |   4 |  554.5 |
               +--------+--------+--------+--------+--------+-----+--------+

Top non-repeatable levels by time:
     D:1: 771 daAuts
     D:3: 574 daAuts
     D:2: 537 daAuts
     D:4: 335 daAuts
